 Dungeon Crawl Stone Soup version 0.28-a0-1404-g4df0f3684d (webtiles) character file.

Game seed: 8881505240199373119

1964 siradein the Skirmisher (level 9, -4/79 HPs)
             Began as a White Draconian Berserker on Jan 6, 2022.
             Was a Priest of Trog.
             Slain by a sky beast (6 damage)
             ... on level 6 of the Dungeon.
             The game lasted 00:12:34 (5945 turns).

siradein the Skirmisher (White Draconian Berserker) Turns: 5945, Time: 00:12:35

Health: -4/79      AC:  7    Str: 23    XL:     9   Next: 0%
Magic:  9/9        EV: 14    Int:  8    God:    Trog [***...]
Gold:   166        SH:  0    Dex: 11    Spells: 8/8 levels left

rFire   . . .      SeeInvis .   p - +5 scimitar (holy)
rCold   + . .      Faith    +   (no shield)
rNeg    . . .      Spirit   .   (armour unavailable)
rPois   .          Reflect  .   (helmet restricted)
rElec   .          Harm     .   f - scarf {shadows}
rCorr   .          Rampage  .   (no gloves)
Will    ++...                   (no boots)
Stlth   +.........              k - amulet of faith
HPRegen 1.23/turn               (no ring)
MPRegen 0.11/turn               (no ring)

@: short of breath, strong-willed, on berserk cooldown, regenerating, slowed,
very slow
A: breathe frost, AC +7, unfitting armour, cold resistance 1, cold-blooded
a: Breathe Frost, Renounce Religion, Berserk, Trog's Hand


You were on level 6 of the Dungeon.
You worshipped Trog.
Trog was most pleased with you.
You visited 1 branch of the dungeon, and saw 6 of its levels.

You collected 166 gold pieces.

Inventory:

Hand Weapons
 p - a +5 scimitar of holy wrath (weapon)
Missiles
 c - 3 atropa-tipped darts
Armour
 f - a scarf of shadows (worn)
Jewellery
 k - an amulet of faith (around neck)
Wands
 e - a wand of flame (26)
 h - a wand of iceblast (7)
Scrolls
 b - 2 scrolls of magic mapping {unknown}
 g - 6 scrolls of identify {unknown}
 j - a scroll of teleportation {unknown}
 l - a scroll of enchant armour {unknown}
 n - a scroll of enchant weapon {unknown}
 o - a scroll of amnesia {unknown}
 r - a scroll of fog {unknown}
 s - a scroll of fear {unknown}
Potions
 a - a potion of attraction {unknown}
 d - 2 potions of flight {unknown}
 i - a potion of curing {unknown}
 m - a potion of lignification {unknown}
 q - a potion of heal wounds {unknown}
 t - a potion of berserk rage {unknown}


   Skills:
 + Level 7.4 Fighting
 + Level 6.8 Long Blades
 + Level 6.2 Dodging
 + Level 4.8 Evocations


You had 8 spell levels left.
You didn't know any spells.
Your spell library was empty.

Dungeon Overview and Level Annotations

Branches:
Dungeon (6/15)             Temple (0/1) D:5

Altars:
Yredelemnul

Shops:
D:1 *


Innate Abilities, Weirdness & Mutations

You can breathe waves of freezing cold which knock back foes.
Your icy white scales are hard. (AC +7)
You cannot fit into any form of body armour.
Your flesh is cold resistant. (rC+)
You are cold-blooded and may be slowed by cold attacks.


Message History

The boulder beetle is severely wounded.
The boulder beetle bites you!
* * * LOW HITPOINT WARNING * * *
The sky beast flickers out of sight!
Deactivating autopickup; reactivate with Ctrl-A.
You slash the boulder beetle!
The boulder beetle is severely wounded.
The boulder beetle bites you!
* * * LOW HITPOINT WARNING * * *
You slice the boulder beetle!!
You kill the boulder beetle!
Trog accepts your kill.
Your Fighting skill increases to level 7!
Your Dodging skill increases to level 6!
You have reached level 9!
Your experience leads to an increase in your attributes!
Increase (S)trength, (I)ntelligence, or (D)exterity?
You feel stronger. x2; Your scales feel tougher.
You feel a strong urge to attack something.
You are no longer berserk.
You are exhausted.
You feel yourself slow down.
You have got your breath back.
You can't see any hostile targets in range.
Aiming: Breathe Frost (4% risk of failure)
Press: ? - help, Shift-Dir - straight line You exhale a wave of freezing cold.
The freezing breath hits something!
Something hits you but does no damage. Something hits you.
* * * LOW HITPOINT WARNING * * *
Something shocks you.
* * * LOW HITPOINT WARNING * * *
A centaur comes into view.
Your skin crawls.
You feel strong-willed. Something hits you but does no damage.
Something hits you.
* * * LOW HITPOINT WARNING * * *
Something shocks you.
You die...

...# #.....#..#
#### #.....#..#
#.....#..#
#.....#..#####
#.....'....... .
#.....#..##.. .
#.....#..# ####
#.....#c.######..#
#.....#...@...#..#
#.....+.......+..#
......######.##..#
......#.##..#
......#.....#
.°.O..#.....#
..○F○.#.....#
......)######
.......#


You could see a centaur (wandering).

Vanquished Creatures
  A boulder beetle (D:6)
  Sigmund (D:2)
  Edmund (D:5)
  An ice beast (D:5)
  A black bear (D:5)
  An ogre (D:6)
  Blork the orc (D:5)
  A kobold brigand (D:6)
  A bullfrog (D:6)
  A killer bee (D:6)
  A howler monkey (D:4)
  2 centaur zombies (D:5)
  A centaur skeleton (D:6)
  3 hounds
  A bullfrog skeleton (D:5)
  2 iguanas (D:5)
  Terence (D:2)
  Natasha (thrice) (D:2)
  An orc wizard (D:3)
  A hound skeleton (D:4)
  7 adders
  2 worms
  A dart slug (D:4)
  8 orcs
  6 endoplasms
  2 giant cockroaches
  3 goblins
  7 hobgoblins
  6 jackals
  7 kobolds
  3 quokkas
  10 ball pythons
  7 bats
  6 frilled lizards
  3 rats
104 creatures vanquished.

Notes
Turn   | Place    | Note
-------+----------+-------------------------------------------
     0 | D:1      | siradein the Draconian Berserker began the quest for the
                  | Orb.
     0 | D:1      | Reached XP level 1. HP: 19/19 MP: 1/1
   295 | D:1      | Reached XP level 2. HP: 24/26 MP: 2/2
   634 | D:1      | Found Corahuont's Assorted Antiques.
   976 | D:2      | Noticed Sigmund
   989 | D:2      | Reached XP level 3. HP: 23/33 MP: 3/3
  1141 | D:2      | Killed Sigmund
  1142 | D:2      | Reached skill level 4 in Fighting
  1142 | D:2      | Reached XP level 4. HP: 41/41 MP: 4/4
  1142 | D:2      | Reached XP level 5. HP: 47/47 MP: 5/5
  1228 | D:2      | Found a basalt altar of Yredelemnul.
  1232 | D:2      | Reached ** piety under Trog
  1722 | D:2      | Noticed Natasha
  1727 | D:2      | Killed Natasha
  1935 | D:2      | Noticed Natasha
  1936 | D:2      | Noticed Terence
  1946 | D:2      | Killed Terence
  1947 | D:2      | Reached skill level 5 in Fighting
  1947 | D:2      | Reached XP level 6. HP: 39/56 MP: 6/6
  1948 | D:2      | Killed Natasha
  1949 | D:2      | Reached skill level 1 in Evocations
  2135 | D:2      | Found a faded altar of an unknown god.
  2466 | D:2      | Noticed Natasha
  2473 | D:2      | Killed Natasha
  3707 | D:3      | Reached *** piety under Trog
  3915 | D:4      | Reached skill level 5 in Long Blades
  4160 | D:4      | Your scales start taking on an icy white colour.
  4160 | D:4      | Reached XP level 7. HP: 50/61 MP: 7/7
  4160 | D:4      | Gained mutation: Your flesh is cold resistant. (rC+) [White
                  | Draconian growth]
  4477 | D:5      | Entered Level 5 of the Dungeon
  4793 | D:5      | Reached skill level 5 in Dodging
  4850 | D:5      | Reached skill level 6 in Fighting
  5025 | D:5      | Noticed Edmund
  5030 | D:5      | Killed Edmund
  5120 | D:5      | Identified the +5 ring mail of the Endless Expanse {rElec
                  | rPois rC++ rCorr}
  5417 | D:5      | Noticed Blork the orc
  5430 | D:5      | Killed Blork the orc
  5431 | D:5      | Reached XP level 8. HP: 48/70 MP: 8/8
  5614 | D:5      | Found a staircase to the Ecumenical Temple.
  5638 | D:5      | Identified the +4 flail "Xitibeup" {vorpal, Int+6 Dex+2}
  5902 | D:6      | Noticed a boulder beetle
  5936 | D:6      | Killed a boulder beetle
  5937 | D:6      | Reached skill level 7 in Fighting
  5937 | D:6      | Reached XP level 9. HP: 14/79 MP: 9/9
  5942 | D:6      | HP: 2/79 [something (5)]
  5945 | D:6      | Slain by a sky beast

Illustrated notes

Levels and vault maps discovered:
D:1:      roderic_dead_forest, layout_basic, serial_shops, shop,
          amcnicky_mini_rare_corridor_liquid
D:2:      layout_basic, chequers_ecumenical_altar_simple_redux, basic_altar,
          amcnicky_mini_pool_small, kennysheep_pointless_box,
          minmay_misc_feat_rugged, uniq_natasha, uniq_terence, uniq_sigmund
D:3:      layout_basic
D:4:      layout_rooms, minmay_stone_trees_small
D:5:      layout_basic, minmay_temple_entry_glass, uniq_edmund,
          uniq_blork_the_orc
D:6:      layout_gridville, gammafunk_temple_overflow_elements,
          minmay_chambers_of_fives

Skill      XL: |  1  2  3  4  5  6  7  8 |
---------------+-------------------------+-----
Dodging        | 3 4 5 6 |  6.2
Fighting       | 4 5 6 7 |  7.4
Long Blades    | 4 5 6 |  6.8
Evocations     | 2 3 4 |  4.8

Action                   |  1- 3 |  4- 6 |  7- 9 || total
-------------------------+-------+-------+-------++-------
Melee: Falchion          |    79 |   199 |   114 ||   392
       Tailslap          |     9 |    13 |    22 ||    44
       Punch             |     2 |     2 |     3 ||     7
       Scimitar          |       |       |    26 ||    26
Invok: Berserk           |     1 |     1 |     3 ||     5
       Trog's Hand       |       |       |     2 ||     2
 Abil: Breathe Frost     |       |       |     5 ||     5
 Stab: Sleeping          |     1 |       |       ||     1
Armor: Skin              |    17 |    64 |    59 ||   140
Dodge: Dodged            |    44 |   135 |    97 ||   276

Table legend: (Time is in decaauts)
 A = Elapsed time spent in this place.
 B = Non-inter-level travel time spent in this place.
 C = Inter-level travel time spent in this place.
 D = Time resting spent in this place.
 E = Time spent auto-exploring this place.
 F = Levels seen in this place.
 G = Mean time per level.
                   A        B        C        D        E       F      G
               +--------+--------+--------+--------+--------+-----+--------+
         Total |   6015 |   5871 |    144 |     86 |   4880 |   6 | 1002.5 |
       Dungeon |   6015 |   5871 |    144 |     86 |   4880 |   6 | 1002.5 |
               +--------+--------+--------+--------+--------+-----+--------+

Top non-repeatable levels by time:
     D:2: 1563 daAuts
     D:3: 1383 daAuts
     D:5: 1354 daAuts
     D:1: 984 daAuts
     D:4: 592 daAuts
     D:6: 136 daAuts
